Cogmind - Beta 17.1 @@@ ROGUE MODE // 2026.09.09 @ 13:15:10 Player: Figgis Result: Self-destructed Performance ------------- Evolutions (1) 500 Regions Visited (3) 600 Robots Destroyed (31) 155 Value Destroyed (755) 755 Prototype IDs (1) 20 Alien Tech Used (0) 0 Bonus (0) 0 TOTAL SCORE: 2030 Bonus ------- None Cogmind --------- Core Integrity 287/400 Matter 233/300 Energy 280/280 System Corruption 0% Temperature Cool (0) Movement Core (550) Ox10 Location -9/Materials Parts ------- > --- POWER (1) -------- Heavy Ion Engine > --- PROPULSION (3) --- (None) > --- UTILITY (3) ------ Large Storage Unit Terrain Scanner Terrain Scan Processor > --- WEAPON (2) ------- Heavy Assault Rifle > --- INVENTORY (15) --- Ion Engine Improved Ion Engine Nuclear Core Heat Sink Huge Storage Unit Improved Light Armor Plating Hacking Suite Heavy Particle Cannon Heavy Assault Rifle Minigun Light Cannon Grenade Launcher Datajack Katana Peak State ------------ > --- POWER ------------ Nuclear Core > --- PROPULSION ------- Light Treads Light Treads Light Treads > --- UTILITY ---------- Large Storage Unit Terrain Scanner Terrain Scan Processor > --- WEAPON ----------- Heavy Assault Rifle Minigun > --- INVENTORY -------- Ion Engine Improved Ion Engine Light Treads Heat Sink Huge Storage Unit Improved Light Armor Plating Hacking Suite Heavy Particle Cannon Assault Rifle Heavy Assault Rifle Light Cannon Grenade Launcher Datajack Katana [Rating: 17] Favorites ----------- Power Light Ion Engine Engine Light Ion Engine Power Core Light Nuclear Core Propulsion Light Treads Treads Light Treads Utility Terrain Scanner Device Terrain Scanner Storage Large Storage Unit Processor Terrain Scan Processor Weapon Light Cannon Energy Gun Small Laser Ballistic Gun Light Assault Rifle Ballistic Cannon Light Cannon Launcher Grenade Launcher Build | -11 -10 -10 -9 ------- Run | Yrd Mat Min Mat Slots Evolved 2 | . . . 2 Power . | . . . . Propulsion 1 | . . . 1 Utility 1 | . . . 1 Weapon . | . . . . Parts Attached 24 | 3 12 2 7 Power 4 | . 2 1 1 Engine 2 | . 1 . 1 Core 2 | . 1 1 . Reactor . | . . . . Propulsion 5 | 2 1 . 2 Treads 5 | 2 1 . 2 Leg . | . . . . Wheel . | . . . . Hover . | . . . . Flight . | . . . . Utility 6 | . 4 . 2 Device 2 | . 2 . . Storage 3 | . 2 . 1 Processor 1 | . . . 1 Hackware . | . . . . Protection . | . . . . Artifact . | . . . . Weapon 9 | 1 5 1 2 Energy Gun 2 | . 2 . . Energy Cannon . | . . . . Ballistic Gun 5 | 1 1 1 2 Ballistic Cannon 1 | . 1 . . Launcher 1 | . 1 . . Special Weapon . | . . . . Impact Weapon . | . . . . Slashing Weapon . | . . . . Piercing Weapon . | . . . . Special Melee Weapon . | . . . . Unidentified Prototypes 1 | . . . 1 Parts Lost 9 | . 4 . 5 Power 1 | . 1 . . Propulsion 5 | . 1 . 4 Utility . | . . . . Weapon 3 | . 2 . 1 Highest Loss Streak 3 | . 2 . 3 To Critical Strikes . | . . . . Average Backups 9 | 1 5 14 14 Power 1 | . 1 1 2 Propulsion . | . . 1 . Utility 2 | . 1 4 4 Weapon 3 | . 2 5 5 Tool/Special . | . . . . Unused Backups 13 | . . 2 11 Power 2 | . . . 2 Propulsion . | . . . . Utility 4 | . . . 4 Weapon 6 | . . 2 4 Tool/Special 1 | . . . 1 Average Slot Usage (%) 95 | . 91 100 97 Engine 6 | . 8 . 6 Core 6 | . 3 14 4 Treads 27 | . 25 28 30 Device 12 | . 13 14 11 Storage 12 | . 12 14 11 Processor 2 | . . . 10 Energy Gun 2 | . 4 . . Ballistic Gun 15 | . 12 14 21 Ballistic Cannon 7 | . 7 14 . Peak Build Rating 17 | 3 10 13 17 Average Rating 10 | 2 7 11 16 On Entrance 6 | . 3 10 13 Avg Prop Armor Cover (%) 29 | 30 29 . . Naked Turns . | . . . . Heaviest Build 35 | 2 30 34 35 Greatest Support 60 | 3 40 40 60 Greatest Overweight (x) . | . . . . Average Overweight (x) . | . . . . Largest Inventory Capacity 15 | 5 15 15 15 Average Capacity 12 | 5 9 15 15 Most Carried 15 | 5 10 15 15 Average Carried 9 | 2 5 14 14 Final Capacity 15 | 5 15 15 15 Final Carried 15 | 5 10 15 14 Class Distribution -------------------- 73% | Mutant 26% | Scavenger-Mutant Dominant Class ---------------- Mutant | -10/Materials Mutant | -10/Mines Scavenger-Mutant | -9/Materials Resources | -11 -10 -10 -9 ----------- Run | Yrd Mat Min Mat Matter Collected 817 | 163 361 5 288 Remotely . | . . . . Salvage Created 812 | . 472 . 340 Parts 45 | . 17 . 28 Haulers Intercepted . | . . . . Recyclers Shooed . | . . . . Parts Field Recycled . | . . . . Retrieved Matter . | . . . . Parts Self-Destructed . | . . . . Prevented . | . . . . Parts Restored . | . . . . Kills | -11 -10 -10 -9 ------- Run | Yrd Mat Min Mat Combat Hostiles Destroyed 30 | . 12 . 18 Guns 25 | . 9 . 16 Cannons 1 | . 1 . . AOE 4 | . 2 . 2 Classes Destroyed 5 | . 3 . 2 Operator 1 | . 1 . . Swarmer 15 | . . . 15 Grunt 13 | . 11 . 2 Sentry 1 | . . . 1 Subdweller 1 | . 1 . . Best Kill Streak 4 | . 2 . 4 Combat Bots Only 4 | . 2 . 4 Max Kills in Single Turn 2 | . 1 . 2 Gunslinging 1 | . . . 1 Exploded 2 | . 1 . 2 Melee . | . . . . Uniques/NPCs Destroyed . | . . . . Combat | -11 -10 -10 -9 -------- Run | Yrd Mat Min Mat Hostile Shots Fired 157 | . 57 6 94 Missed 36 | . 9 1 26 Hits 121 | . 48 5 68 Projectile 121 | . 48 5 68 AOE 2 | . 2 . . Critical Strikes 4 | . 2 . 2 Damage Taken 1523 | . 715 68 740 Core 174 | . 61 . 113 Absorbed by Shields . | . . . . Core Remaining (%) 87 | 100 . 75 . Volleys Fired 100 | . 54 1 45 Largest 2 | . 2 2 2 Hottest 60 | . 60 50 48 Shots Fired 186 | . 97 2 87 Gun 170 | . 82 1 87 Cannon 14 | . 13 1 . Launcher 2 | . 2 . . Special . | . . . . Kinetic 144 | . 55 2 87 Thermal 28 | . 28 . . Explosive 2 | . 2 . . Electromagnetic 12 | . 12 . . Robot Hit Streak 12 | . 12 6 9 Robot Miss Streak 8 | . 3 . 8 Penetration Max . | . . . . Secondary Targets 3 | . 1 . 2 Max Gunslinging Chain 1 | . 1 . 1 Shots Hit Robots 112 | . 65 2 45 Core Hits 52 | . 31 . 21 Critical Kills . | . . . . Critical Parts Destroyed 2 | . 1 . 1 Critical Strikes 3 | . 1 . 2 Destroy 3 | . 1 . 2 Melee Attacks . | . . . . Impact . | . . . . Slashing . | . . . . Piercing . | . . . . Sneak Attacks . | . . . . Combat Hostiles . | . . . . Follow-up Attacks . | . . . . Damage Inflicted 1906 | . 841 24 1041 Guns 1443 | . 640 9 794 Cannons 138 | . 123 15 . Explosions 325 | . 78 . 247 Melee . | . . . . Ramming . | . . . . Kinetic 1263 | . 445 24 794 Thermal 240 | . 240 . . Explosive 325 | . 78 . 247 Electromagnetic 78 | . 78 . . Impact . | . . . . Slashing . | . . . . Piercing . | . . . . Highest Corruption . | . . . . Average Corruption . | . . . . Corruption Purged . | . . . . Corruption Blocked . | . . . . Overload Shots . | . . . . Overflow Damage 91 | . 10 . 81 Projectiles 10 | . 10 . . Explosions 81 | . . . 81 Melee . | . . . . Knockbacks 1 | . 1 . . Impact . | . . . . Kinetic 1 | . 1 . . Secondary . | . . . . Self-Inflicted Damage 96 | . . . 96 Shots 1 | . . . 1 Rammed 2 | . 1 . 1 Targets Rammed 2 | . 1 . 1 Kicked . | . . . . Crushed . | . . . . Highest Temperature 93 | . 93 14 31 Average Temperature 28 | . 36 10 6 Received Heat Transfer 516 | . 372 36 108 Siege Activations . | . . . . Martial Activations . | . . . . Shielding Activations . | . . . . Robots Disrupted . | . . . . Combat Hostiles . | . . . . Robots Corrupted . | . . . . Combat Hostiles . | . . . . Parts Fried . | . . . . Impact Corruptions . | . . . . Robots Melted . | . . . . Combat Hostiles . | . . . . Parts Melted 2 | . 2 . . Heat Transferred 550 | . 550 . . Parts Sabotaged . | . . . . Parts Stolen . | . . . . Parts Stripped . | . . . . Power Chain Reactions . | . . . . Alert | -11 -10 -10 -9 ------- Run | Yrd Mat Min Mat Maximum Alert Level 1 | . . . 1 Low Security (%) 91 | 100 100 100 67 Level 1 8 | . . . 32 Level 2 . | . . . . Level 3 . | . . . . Level 4 . | . . . . Level 5 . | . . . . High Security . | . . . . Max Security . | . . . . Peak Influence 357 | . 81 4 357 Initial 4 | . . 4 . Average 37 | . 18 . 103 Influence Increases 887 | . 307 . 580 Destroy 0b10 Robot/C 580 | . 220 . 360 Destroy 0b10 Robot/NC 5 | . 5 . . Destroy Leader 130 | . 70 . 60 Successful Hack 2 | . . . 2 Disable Machine 15 | . . . 15 Destroy Structure 50 | . 12 . 38 Lose Combat Pursuer 105 | . . . 105 Influence Decreases 530 | . 295 12 223 Entered New Map 8 | . . 8 . Time Decay 452 | . 275 4 173 Lost Part 70 | . 20 . 50 Squads Dispatched 6 | . 3 1 2 Investigation 2 | . 1 1 . Extermination . | . . . . Reinforcement 4 | . 2 . 2 Assault . | . . . . Garrison . | . . . . Intercept . | . . . . Searches Triggered . | . . . . Construction Impeded . | . . . . Haulers Reinforced . | . . . . Active Scanning Responses . | . . . . Cargo Convoy Interrupts . | . . . . Stealth | -11 -10 -10 -9 --------- Run | Yrd Mat Min Mat Distress Signals 3 | . 1 . 2 Communications Jammed . | . . . . Distress Signals . | . . . . Times Spotted 57 | . 20 3 34 Peak Tracking Total 9 | . 4 2 9 Tactical Retreats 3 | . . . 3 Traps | -11 -10 -10 -9 ------- Run | Yrd Mat Min Mat Traps Triggered 1 | . 1 . . Indirectly . | . . . . Trap Hack Attempts . | . . . . Triggered . | . . . . Disarmed . | . . . . Reprogrammed . | . . . . Reused . | . . . . Traps Extracted . | . . . . Installed . | . . . . Triggered . | . . . . Machines | -11 -10 -10 -9 ---------- Run | Yrd Mat Min Mat Machines Disabled 1 | . . . 1 Max in Single Turn 1 | . . . 1 Machines Repaired . | . . . . Machines Dismantled . | . . . . Machines Sabotaged . | . . . . Overloaded Fab Kills . | . . . . Hacking | -11 -10 -10 -9 --------- Run | Yrd Mat Min Mat Machines Accessed 9 | . 6 1 2 Terminals 6 | . 5 . 1 Fabricators . | . . . . Repair Stations . | . . . . Recycling Units 1 | . 1 . . Scanalyzers 1 | . . . 1 Garrison Access . | . . . . Total Hacks 18 | . 11 1 6 Successful 10 | . 6 1 3 Failed 8 | . 5 . 3 Catastrophic . | . . . . Database Lockouts . | . . . . Manual 1 | . . 1 . Terminals 12 | . 10 . 2 Fabricators . | . . . . Repair Stations . | . . . . Recycling Units 1 | . 1 . . Scanalyzers 4 | . . . 4 Garrison Access . | . . . . Terminal Hacks 6 | . 5 1 . Record 2 | . 2 . . Open Door 1 | . . 1 . Emergency Access Points 1 | . 1 . . Locate Traps 1 | . 1 . . Zone Layout 1 | . 1 . . Fabricator Hacks . | . . . . Repair Station Hacks . | . . . . Recycling Unit Hacks 1 | . 1 . . Retrieve Components 1 | . 1 . . Scanalyzer 3 | . . . 3 Retrieve Study 3 | . . . 3 Garrison Access Hacks . | . . . . Unauthorized Hacks . | . . . . Terminals . | . . . . Fabricators . | . . . . Repair Stations . | . . . . Recycling Units . | . . . . Scanalyzers . | . . . . Garrison Access . | . . . . Data Cores Recovered . | . . . . Used . | . . . . Hacking Detections 6 | . 5 . 1 Full Trace Events . | . . . . Feedback Events . | . . . . Feedback Blocked . | . . . . Robot Schematics Acquired . | . . . . Robots Built . | . . . . Authchips . | . . . . Time . | . . . . Total Robot Build Rating . | . . . . Part Schematics Acquired . | . . . . Parts Built . | . . . . Authchips . | . . . . Time . | . . . . Total Part Build Rating . | . . . . Part Studies Acquired 3 | . . . 3 Parts Repaired . | . . . . Time . | . . . . Parts Recycled . | . . . . Recycled Matter . | . . . . Retrieved Matter . | . . . . Retrieved Components 1 | . 1 . . Parts Scanalyzed . | . . . . Part Schematics Acquired . | . . . . Parts Damaged . | . . . . Bothacking | -11 -10 -10 -9 ------------ Run | Yrd Mat Min Mat Used RIF Installer . | . . . . Robots Hacked . | . . . . Non-combat . | . . . . Combat . | . . . . Robot Hacks Applied . | . . . . Relay Couplers Released . | . . . . Fabnet Peak Effective % . | . . . . Robots Rewired . | . . . . Allies Hacked . | . . . . Hacks Repelled . | . . . . Allies | -11 -10 -10 -9 -------- Run | Yrd Mat Min Mat Total Allies . | . . . . Largest Group . | . . . . Highest-Rated Group . | . . . . Highest-Rated Ally . | . . . . Total Orders . | . . . . Ally Attacks . | . . . . Total Damage . | . . . . Kills . | . . . . Allies Corrupted . | . . . . Allies Melted . | . . . . Intel | -11 -10 -10 -9 ------- Run | Yrd Mat Min Mat Active Infowar (turns) 2076 | . 1030 469 577 Terrain 2076 | . 1030 469 577 Robot Analysis Total . | . . . . Derelict Logs Recovered 2 | . . 2 . Drone Launches . | . . . . Drone Recoveries . | . . . . Exploration | -11 -10 -10 -9 ------------- Run | Yrd Mat Min Mat Turns Passed 2147 | 31 1070 469 577 Spaces Moved 1216 | 34 649 282 251 Core 189 | 34 155 . . Treads 1027 | . 494 282 251 Legs . | . . . . Wheels . | . . . . Hover . | . . . . Flight . | . . . . Fastest Speed 50 | 50 50 160 160 Average Speed 142 | 50 133 160 160 Slowest Speed 160 | 50 160 160 160 Overloaded Moves . | . . . . Propulsion Burnouts . | . . . . Robots Hopped . | . . . . Potential Cave-ins . | . . . . Cave-ins Triggered . | . . . . Exploration Rate (%) 47 | 2 96 63 30 Regions Visited 3 Branch Regions 1 Pre-discovered Areas . | . . . . Known Exits Taken . | . . . . Unknown Exits Taken 3 | 1 1 1 . Scrap Searched . | . . . . Spaces Dug . | . . . . Terrain Destroyed 45 | . 10 . 35 Melee . | . . . . Projectile . | . . . . AOE 45 | . 10 . 35 Terrain Rammed . | . . . . Walls Destroyed . | . . . . Machines Disabled . | . . . . Actions | -11 -10 -10 -9 --------- Run | Yrd Mat Min Mat Total 1444 | 47 754 301 342 Wait 60 | 3 24 4 29 Move 1213 | 33 648 281 251 Hop . | . . . . Pick Up 33 | 8 12 8 5 Fast Attach 2 | . 2 . . Attach 13 | 3 6 . 4 Detach . | . . . . Swap 11 | . 5 2 4 Drop 10 | . 2 5 3 Fire 100 | . 54 1 45 Melee . | . . . . Ram . | . . . . Kick . | . . . . Crush 2 | . 1 . 1 Escape Stasis . | . . . . Rewire . | . . . . Trap . | . . . . Miscellaneous . | . . . . Route ------- -11/Scrapyard -10/Materials (discovered 5 exits: *Mat x3 / *Min x2) -10/Mines (discovered 3 exits: *Mat / [*Exi] / [*Sub]) -9/Materials (discovered 2 exits: Min x2) History --------- Turn | Location | Event 20 | -11/Scrapyard | Discovered new exit (range 15) 32 | -11/Scrapyard | Entered Materials 55 | -10/Materials | Discovered new exit (range 7) 91 | -10/Materials | Discovered new exit (range 9) 312 | -10/Materials | Build established: Mutant 532 | -10/Materials | Derelicts attacked the area 558 | -10/Materials | Discovered new exit (range 8) 685 | -10/Materials | Discovered new exit (range 16) 785 | -10/Materials | Discovered new exit (range 8) 1102 | -10/Materials | Entered Mines 1104 | -10/Mines | Met a Derelict bent on vengeance 1170 | -10/Mines | Joined a pair of Derelicts in attacking an 0b10 outpost 1203 | -10/Mines | Discovered new exit (range 10) 1272 | -10/Mines | Learned Materials terminal intel 1296 | -10/Mines | Deemed a non-threat by the Exiles lab entrance 1296 | -10/Mines | Discovered new exit (range 5) 1458 | -10/Mines | Met a Derelict shopkeep closing up shop 1565 | -10/Mines | Discovered new exit (range 5) 1571 | -10/Mines | Entered Materials 1571 | -9/Materials | Evolved 2 slots: Propulsion x1, Utility x1 1572 | -9/Materials | Identified exit to Mines 1573 | -9/Materials | Loaded intel: 12 terminal locations 1887 | -9/Materials | Build established: Scavenger-Mutant 2148 | -9/Materials | Self-destructed Last Messages --------------- 02062_ K-01 Serf collects debris. 02064_ Connecting with Terminal... 02066_ K-01 Serf collects debris. 02072_ K-01 Serf cleans the Atomic Centrifuge. 02080_ K-01 Serf collects debris. 02087_ K-01 Serf cleans the Atomic Centrifuge. 02092_ O-16 Technician: "IFF HANDSHAKE FAILED. SECURING TERMINAL." 02106_ ALERT: Hostiles spotted, dispatching reinforcements to Terminal M006. 02125_ W-16 Scout sends out distress signal. 02130_ S-10 Pest destroyed. 02142_ Nuclear Reactor explodes. 02142_ S-10 Pest destroyed. 02142_ Lgt. Treads+ destroyed. 02142_ Destroyed Lgt. Treads+. 02142_ Hvy. Assault Rifle+ destroyed. 02142_ Destroyed Hvy. Assault Rifle+. 02142_ G-34 Mercenary destroyed. 02142_ Lgt. Treads+ destroyed. 02147_ The unstable cave ceiling collapses. Map ----- +----------------------------------------------------+ | ???????????????????????????????????????????#??"" | | ??????????????????????????????????????????????? | | ??????????????????????????????????????????###???# | | ???????????????????????????????????????? ? ##### | | ??????????????????????????????????????# ? | | ??????????????????????????????????????# " | | ??????????????????????????????????????# "%" | | ???T??????????????????????????????????# " | | ????????????????????????????????????#??# "" | | ??????????????????????##??????#???????## T" | | ??????????????????????##? ?##??? ??? + "" ## | | ????????????????? ???? ???????? ??? # ## | | ??""?????????? ???? ????? ???? ??# % % | | ??"T????????????????? ? ???# ? ?? #?####=%% | | ??""??"T"????????????? ? ##??#??###+#??#?#?# ^ | | ??????"""??? ????? ?## ?########## #????#?# [ | | ?????????????????????# ?# [ # #?###### ## | | ????????????????? ???# ?? /]] + #? | | ???????""T""?#????? ?#%### /]] # #########+### | | ???????"""""?#?#??? ?#g /]] # #?#?# | | ????????????????????## # ##### ##### """ """ | | ??????????? ???? ? # ### ### """ """ | | ???????????? ?? ? # %= % Y ### ### """ """ | | ?????????????? ?? ??# = T + | | ?????????????? "????# ## ### | | ??????????????"??""?# @ ## ### | | ????????????? ????"?## ####+##### | | ?????????????????????# ## ########## | | ??????????#? ????????# # # ## ## #???##?#?? | | ?????????????#?????#?# ### #### ## """##???#?# ? | | ???????????##???##?#?# #?# #?## ## """##?#?#?##? | | ??????????????###???##+#??Y#??# ## """#???##??## | | ???????????????????#? ? #?#? ?# ##???##??? | | ?????????????##?????? ?? ? #?#? ############?###?# | | ??????????????????#?? ???? #?#? ????#???????###?#? | | ?????????????????#?#???? # #### #?#?T ?????####??? | | ????????????????????? ?? ##? ??#????? ?#?##???? | | ????????????????????#?""???#??? ???? ?""?#???????? | | ??????????????????????T" ?? ??? ?+??"?"????#???#? | | ??????????????????????""???#? ?? ???"?#?###???? | | ??????????????????????? ????? ?????????? #???????? | | ???????????????????????????#?????#??????????#????? | | ??????????????????????????? ? ????????????#??????? | | ????????????????????????????????" ?"? ???????????? | | ??????????????????????????????????????#??????????? | | ??????????????????????????????"?????"????????????? | | ?????????????????????????????????????????????????? | | ?????????????????????????????????????????????????? | | ?????????????????????????????????????????????????? | | | +----------------------------------------------------+ Best States ------------- Heat Dissipation 28 Energy Generation 14 Energy Capacity 280 Matter Stores 300 Matter Capacity 300 Sight Range 16 Terrain Scan Range 14 Terrain Scan Density 85 Evasion (%) 50 Recoil Reduction 3 Item Schematics ----------------- None Robot Schematics ------------------ None Fabricated ------------ Nothing Repaired ---------- Nothing Studied --------- Lgt. Treads | -9/Materials | Hacked Hvy. Assault Rifle | -9/Materials | Hacked Imp. Ion Engine | -9/Materials | Hacked Alien Tech Used ----------------- None Achievements -------------- None Challenges ------------ None Game ------ Seed ArmoredHardcellShooter Manual? 0 Play Time 00:19:48 Cumulative 214.0 hours Start 2026.09.09 @ 12:58:04 End 2026.09.09 @ 13:15:10 Sessions 1 Manual Loads 0 Difficulty Rogue Special Mode None Game No. 339 Rogue 336 Adventurer 3 Explorer 0 Win Type - Total 1 Types 1/0/0/0/0/0/0/0/0/0 Lore% 66 Gallery% 57 Achievement% 30 Wizard Run 0 Options --------- Layout 0 ASCII 0 Keyboard 0 Movement Mouse Keybinds 0 Fullscreen 2 Font 18/SmallcapsGlow Map View 76x50 Zoom Use 0% Tactical HUD 1 Map Filters NONE Filters NONE Steam 1 RUN: 4fee09d4-07e5-47a5-bee9-b055726891d4